 Seeded DCSS version 0.30.1-11-g7821555f0a (webtiles) character file.

Game seed: 430007637681659361 (custom seed)

30 McKennaii the Conjurer (level 2, -6/20 HPs)
             Began as a Demigod Conjurer on Jan 13, 2024.
             Mangled by a kobold
             ... wielding a +1 whip of electrocution
              (18 damage)
             ... on level 1 of the Dungeon.
             The game lasted 00:00:27 (902 turns).

McKennaii the Conjurer (Demigod Conjurer)            Turns: 902, Time: 00:00:27

Health: -6/20      AC:  2    Str:  8    XL:     2   Next: 84%
Magic:  2/7        EV: 12    Int: 20    God:
Gold:   35         SH:  0    Dex: 12    Spells: 2/5 levels left

rFire   . . .        h - +3 war axe
rCold   . . .        (no shield)
rNeg    . . .        a - +0 robe
rPois   .            (no helmet)
rElec   .            (no cloak)
rCorr   .            (no gloves)
SInv    .            (no boots)
Will    .....        (no amulet)
Stlth   ++           e - ring of flight
HPRegen 0.23/turn    (no ring)
MPRegen 0.10/turn

%: no passive effects
@: flying
A: high MP 1, forlorn, divine attributes
a: no special abilities


You were on level 1 of the Dungeon.
You visited 1 branch of the dungeon, and saw 1 of its levels.

You collected 35 gold pieces.

Inventory:

Hand Weapons
 h - a +3 war axe (weapon)
Armour
 a - a +0 robe (worn)
Jewellery
 e - a ring of flight (left hand)
Scrolls
 c - a scroll of fear {unknown}
 d - 2 scrolls of noise {unknown}
 f - a scroll of brand weapon {unknown}
 g - a scroll of vulnerability {unknown}
Potions
 b - a potion of magic
 i - a potion of curing {unknown}
 j - a potion of ambrosia {unknown}


   Skills:
 - Level 1.7 Dodging
 - Level 1.7 Stealth
 + Level 2.4 Spellcasting
 + Level 4.1 Conjurations


You had 2 spell levels left.
You knew the following spells:

 Your Spells              Type           Power      Damage    Failure   Level
a - Magic Dart            Conj           76%        1d6       2%          1
b - Searing Ray           Conj           38%        2d5       4%          2

Your spell library contained the following spells:

 Spells                   Type           Power      Damage    Failure   Level
 Dazzling Flash           Conj/Hex       20%        N/A       19%         3
 Fulminant Prism          Conj/Hex       5%         3d6       54%         4
 Iskenderun's Mystic Bla  Conj/Tloc      10%        2d4       54%         4


Dungeon Overview and Level Annotations

Branches:
Dungeon (1/15)


Innate Abilities, Weirdness & Mutations

You have an increased reservoir of magic. (+10% MP)
You shall have no god before yourself.
Your divine heritage dramatically boosts your attributes as you level up.


Message History

Key pressed, stopping explore.
No target in view!
You can't see any susceptible monsters within range! (Use Z to cast anyway.)
You see here a giant cockroach corpse.
You see here a giant cockroach corpse.
Key pressed, stopping explore.
No target in view!
You can't see any susceptible monsters within range! (Use Z to cast anyway.)
Things that are here:
a +0 dagger; a goblin skeleton You reach down and open the door.
A hobgoblin comes into view.
The hobgoblin shouts!
Found an escape hatch in the floor.
There is an open door here.
The magic dart hits the hobgoblin but does no damage.
A kobold comes into view.
It is wielding a +1 whip of electrocution.
There are monsters nearby!
The magic dart hits the hobgoblin but does no damage.
You slash the hobgoblin!
You kill the hobgoblin!
A kobold is nearby!
The magic dart hits the kobold but does no damage.
A kobold is nearby!
The magic dart hits the kobold but does no damage.
A kobold is nearby!
You completely miss the kobold. The kobold completely misses you. x2
The magic dart hits the kobold.
The kobold is moderately wounded.
The kobold closely misses you.
You miss the kobold.
The kobold is moderately wounded.
The kobold hits you with a +1 whip of electrocution.
A kobold is nearby!
The magic dart hits the kobold but does no damage.
The kobold is moderately wounded.
The kobold hits you with a +1 whip of electrocution.
You are electrocuted!!
Ouch! That really hurt!
You die...

#######......##....
#......###### #......#
#......# ###+#####
##...### ........#
##...## ........#
#.....#######
........####.~......~.~.
....>.K@'.....≈≈≈≈≈~≈≈≈≈
........###.)~≈♣♣♣≈~≈♣♣♣
........# #..~≈♣ ♣≈~≈♣ ♣
######### #..~≈♣♣♣≈.≈♣♣♣
#...≈≈≈≈≈~≈≈≈≈
#..~.~.~~~~...
#..~≈≈≈≈≈~≈≈≈≈
#..~≈♣♣♣≈~≈♣♣♣ #..~≈♣
♣≈.≈♣ ♣


You could see a kobold.

Vanquished Creatures
  A dart slug (D:1)
  An endoplasm (D:1)
  3 giant cockroaches (D:1)
  2 goblins (D:1)
  3 hobgoblins (D:1)
  2 quokkas (D:1)
  4 ball pythons (D:1)
  6 bats (D:1)
  A frilled lizard (D:1)
  4 rats (D:1)
27 creatures vanquished.

Notes
Turn   | Place    | Note
-------+----------+-------------------------------------------
     0 | D:1      | McKennaii the Demigod Conjurer began the quest for the Orb.
     0 | D:1      | Reached XP level 1. HP: 14/14 MP: 5/5
   324 | D:1      | Reached XP level 2. HP: 17/20 MP: 2/7
   376 | D:1      | Learned a level 2 spell: Searing Ray
   519 | D:1      | Reached skill level 4 in Conjurations
   902 | D:1      | Mangled by a kobold

Illustrated notes

Levels and vault maps discovered:
D:1:      wander_arrival_chamber, layout_basic, kennysheep_boxes

Skill      XL: |  1  2 |
---------------+-------+-----
Spellcasting   | 2 |  2.4
Conjurations   | 4 |  4.1
Dodging        | |  1.7
Stealth        | |  1.7

Action                     || total
---------------------------++-------
  Melee: Unarmed           ||     2
         War axe           ||     7
   Cast: Magic Dart        ||    51
 Armour: Robe              ||     7
  Dodge: Dodged            ||    11
